 Dungeon Crawl Stone Soup version 0.22-a0-469-gf26638a (webtiles) character file.

212 4thArraOfDagon the Chopper (level 5, 9/48 HPs)
             Began as a Hill Orc Monk on June 13, 2018.
             Was a Believer of Beogh.
             Quit the game on level 5 of the Dungeon.
             The game lasted 00:05:35 (1109 turns).

4thArraOfDagon the Chopper (Hill Orc Monk)          Turns: 1109, Time: 00:05:36

Health: 9/48       AC: 11    Str: 14    XL:     5   Next: 89%
Magic:  2/5        EV:  6    Int: 11    God:    Beogh [**....]
Gold:   84         SH:  0    Dex: 13    Spells: 4/4 levels left

rFire    . . .     SeeInvis .   g - +4 whip
rCold    . . .     Gourm    .   (no shield)
rNeg     . . .     Faith    .   f - +0 chain mail
rPois    .         Spirit   .   (no helmet)
rElec    .         Reflect  .   (no cloak)
rCorr    .         Harm     .   (no gloves)
MR       .....                  (no boots)
Stlth    ..........             m - amulet of the acrobat
HPRegen  0.16/turn              h - +3 ring of protection
MPRegen  0.09/turn              (no ring)

@: lethally poisoned (9 -> -4)
A: no striking features
a: Smiting, Renounce Religion


You were on level 5 of the Dungeon.
You worshipped Beogh.
Beogh was pleased with you.
You were not hungry.

You visited 1 branch of the dungeon, and saw 5 of its levels.

You collected 84 gold pieces.

Inventory:

Hand Weapons
 a - a +0 hand axe
 g - a +4 whip (weapon)
Armour
 b - a +0 robe
 f - a +0 chain mail (worn)
 n - a +0 pair of gloves
Jewellery
 h - a +3 ring of protection (left hand)
 m - an amulet of the acrobat (around neck)
Wands
 k - a wand of disintegration (7)
Scrolls
 d - a scroll of magic mapping
 i - 2 scrolls of identify
Comestibles
 c - 3 rations


   Skills:
 + Level 5.2 Fighting
 * Level 7.3 Axes
 - Level 2.4 Dodging
 - Level 1.5 Stealth


You had 4 spell levels left.
You didn't know any spells.
Your spell library was empty.

Dungeon Overview and Level Annotations

Branches:
Dungeon (5/15)
 Temple: D:4-7

Altars:


Message History

You fail to use your ability.
* * * LOW HITPOINT WARNING * * *
You feel sick.
The killer bee stings you but does no damage. x2
You fail to use your ability.
* * * LOW HITPOINT WARNING * * *
You feel sick.
The killer bee stings you but does no damage. x2
Unknown command.
Aiming: Smiting
Press: ? - help, Dir - move target cursor, f - killer bee Smite: a killer bee You smite the killer bee!
The killer bee is heavily wounded.
* * * LOW HITPOINT WARNING * * *
You feel sick.
The killer bee stings you but does no damage.
The killer bee stings you.
* * * LOW HITPOINT WARNING * * *
Are you sure you want to abandon this character and quit the game? (Confirm with "yes".)

........##†#
.#.......#.#
##..#...#.#
...........######
.#####.....y.y....
.#####yy#######...
......yy#
#######y# #@#
#.....# #.....#
#.....# #!....#
#.(...# #######


You could see 5 killer bees.

Vanquished Creatures
  A bullfrog zombie (D:5)
  A hound (D:3)
  A bullfrog skeleton (D:5)
  An orc wizard (D:3)
  4 adders
  A shadow imp (D:5)
  A worm (D:3)
  A dart slug (D:3)
  2 leopard geckos
  3 orcs
  A goblin (D:3)
  7 hobgoblins
  7 jackals
  4 quokkas
  A ball python (D:5)
  4 bats
  A frilled lizard (D:2)
  A kobold (D:3)
  2 rats
44 creatures vanquished.

Vanquished Creatures (others)
  2 orcs (D:3)
  A bat (D:3)
  A frilled lizard (D:3)
4 creatures vanquished.

Grand Total: 48 creatures vanquished

Notes
Turn   | Place    | Note
-------+----------+-------------------------------------------
     0 | D:1      | 4thArraOfDagon the Hill Orc Monk began the quest for the Orb.
     0 | D:1      | Reached XP level 1. HP: 19/19 MP: 1/1
   128 | D:3      | Noticed a wight
   128 | D:3      | Noticed a wight
   128 | D:3      | Noticed a wight
   128 | D:3      | Noticed a wight
   266 | D:2      | Noticed a jelly
   388 | D:2      | HP: 1/20 [adder (3)]
   398 | D:2      | Reached XP level 2. HP: 14/27 MP: 2/2
   493 | D:2      | eternity
   522 | D:2      | Reached skill level 5 in Axes
   615 | D:3      | Reached XP level 3. HP: 14/33 MP: 3/3
   624 | D:3      | Became a worshipper of Beogh the Brigand
   624 | D:3      | Reached * piety under Beogh
   624 | D:3      | Reached ** piety under Beogh
   709 | D:3      | Reached XP level 4. HP: 13/41 MP: 4/4
   719 | D:3      | HP: 2/41 [wight/dire flail of freezing (1)]
   918 | D:3      | Reached skill level 6 in Axes
   962 | D:4      | Reached XP level 5. HP: 34/47 MP: 5/5
   969 | D:5      | Entered Level 5 of the Dungeon
  1029 | D:5      | Reached skill level 5 in Fighting
  1029 | D:5      | Reached skill level 7 in Axes
  1109 | D:5      | Quit the game

Vault maps used:
D:1:      lightli_arrival_noodles, serial_bayou_crossing
D:2:      serial_park_tiny_1, minmay_misc_feat_tiny, uniq_crazy_yiuf_cottage
D:4:      amethyst_overflow_temple_binary, minmay_temple_entry_hall
D:5:      lemuel_coloured_pillars_altar, first_ration

Skill      XL: |  1  2  3  4  5 |
---------------+----------------+-----
Fighting       | 4 5 |  5.2
Axes           | 5 6 7 |  7.3
Dodging        | |  2.4
Stealth        | |  1.5

Action                   |  1- 3 |  4- 6 || total
-------------------------+-------+-------++-------
Melee: Hand axe          |    85 |     6 ||    91
       Whip              |       |   106 ||   106
Invok: Smiting           |     1 |     1 ||     2
       Convert to Beogh  |     1 |       ||     1
  Use: Potion            |     3 |     1 ||     4
       Scroll            |       |     4 ||     4
 Stab: Sleeping          |     1 |       ||     1
  Eat: Chunk             |       |     1 ||     1
Armor: Chain mail        |    93 |    83 ||   176
Dodge: Dodged            |    32 |    44 ||    76

Table legend:
 A = Spawn XP
 B = Non-spawn XP
 C = Spawn XP percentage of total XP
 D = Spawn monster count
 E = Non-spawn monster count
 F = Spawn count percentage of total count
 G = Total turns spent on level
                    A         B        C        D         E        F      G
               +---------+---------+-------+---------+---------+-------+---------
         Total |       0 |     303 |   0.0 |       0 |      44 |   0.0 |  1109
               +---------+---------+-------+---------+---------+-------+---------
           D:1 |       0 |       5 |   0.0 |       0 |       2 |   0.0 |    36
           D:2 |       0 |      28 |   0.0 |       0 |      10 |   0.0 |   498
           D:3 |       0 |     121 |   0.0 |       0 |      20 |   0.0 |   403
           D:4 |       0 |      14 |   0.0 |       0 |       1 |   0.0 |    34
           D:5 |       0 |     135 |   0.0 |       0 |      11 |   0.0 |   138
               +---------+---------+-------+---------+---------+-------+---------
